[ AOE2 MATCH · #480897172 ]
Team RMBulgarians vs Magyars
[ REPLAY ANALYSIS · EXTRACTED FROM THE RECORDED GAME ]
Feudal
11:26
Castle
16:09
Imperial
43:12
| APM avg | 21.1 |
| APM peak | 74 |
| eAPM avg | 12.3 |
| Villagers / military | 139 / 312 |
Focus
⚔️ 37.9% · 🌾 62.1%
Militia ×164 · Konnik ×63 · Battering Ram ×37 · Scorpion ×17 · Mangonel ×15 · Trade Cart ×15
Feudal
11:24
Castle
22:28
Imperial
40:50
| APM avg | 38.6 |
| APM peak | 98 |
| eAPM avg | 18.4 |
| Villagers / military | 100 / 241 |
Focus
⚔️ 36.9% · 🌾 63.1%
Archer ×133 · Shotel Warrior ×70 · Trade Cart ×27 · Camel Scout ×24 · Trebuchet (Packed) ×4 · Spearman ×3
Feudal
9:34
Castle
23:40
Imperial
40:01
| APM avg | 35.6 |
| APM peak | 79 |
| eAPM avg | 16.9 |
| Villagers / military | 140 / 159 |
Focus
⚔️ 30.7% · 🌾 69.3%
Knight ×75 · Kipchak ×61 · Trebuchet (Packed) ×12 · Mangonel ×6 · Trade Cart ×4 · Battering Ram ×3
Feudal
12:59
Castle
23:15
Imperial
40:44
| APM avg | 33.2 |
| APM peak | 74 |
| eAPM avg | 17.8 |
| Villagers / military | 117 / 422 |
Focus
⚔️ 53.5% · 🌾 46.5%
Skirmisher ×127 · Spearman ×123 · Magyar Huszar ×104 · Cavalry Archer ×25 · Trebuchet (Packed) ×23 · Trade Cart ×13
Match map
Initial resources + every placement click. Lines = walls · curves = elevation contours. ◆ gold · ⬟ stone · ● berries · ✦ relic · ◌ wall gap
Your base· Open — unwalled flank
MildSaucer6243's base· ✓ Closed at 22:28 · 26t walls · 2 gate(s)
Pepn's base· Open — unwalled flank
Moises199124's base· ✓ Closed at 23:15 · 13t walls · 1 gate(s)
Smoothed initial terrain · ◌ = detected wall gap · hover for details
Inputs per minute
— Gabzzel - - MildSaucer6243
Build order — Gabzzel
First 150 of 490 actions detected
| 0:02 | Build | House |
| 0:04 | Build | House |
| 0:04 | Create | Villager (Male) |
| 0:05 | Create | Villager (Male) |
| 0:05 | Create | Villager (Male) |
| 0:05 | Create | Villager (Male) |
| 1:33 | Create | Villager (Male) |
| 2:02 | Create | Villager (Male) |
| 2:16 | Build | House |
| 2:20 | Build | Lumber Camp |
| 2:45 | Create | Villager (Male) |
| 2:45 | Create | Villager (Male) |
| 2:49 | Create | Villager (Male) |
| 2:56 | Research | Loom |
| 2:57 | Create | Villager (Male) |
| 3:11 | Create | Villager (Male) |
| 4:18 | Create | Villager (Male) |
| 4:20 | Create | Villager (Male) |
| 4:26 | Create | Villager (Male) |
| 4:53 | Create | Villager (Male) |
| 4:57 | Create | Villager (Male) |
| 6:00 | Create | Villager (Male) |
| 6:04 | Build | House |
| 6:20 | Build | House |
| 6:32 | Create | Villager (Male) |
| 6:33 | Create | Villager (Male) |
| 6:52 | Create | Villager (Male) |
| 7:21 | Build | Mill |
| 8:08 | Build | Mining Camp |
| 8:44 | Build | Mill |
| 9:16 | Research | Feudal Age |
| 9:30 | Create | Villager (Male) |
| 9:30 | Create | Villager (Male) |
| 10:06 | Build | Palisade Wall |
| 10:21 | Build | House |
| 10:35 | Build | House |
| 11:26 | Age | Feudal Age |
| 11:43 | Build | Blacksmith |
| 12:03 | Research | Double-Bit Axe |
| 12:52 | Build | Market |
| 13:04 | Research | Town Watch |
| 13:28 | Research | Castle Age |
| 13:47 | Build | Mining Camp |
| 14:10 | Build | Farm |
| 14:16 | Research | Horse Collar |
| 14:56 | Research | Stone Mining |
| 15:19 | Build | Watch Tower |
| 15:39 | Build | Watch Tower |
| 15:44 | Research | Fletching |
| 15:52 | Build | Farm |
| 15:54 | Build | Farm |
| 15:57 | Create | Villager (Male) |
| 15:57 | Create | Villager (Male) |
| 16:09 | Age | Castle Age |
| 16:16 | Research | Scale Mail Armor |
| 16:23 | Build | Barracks |
| 17:43 | Build | Monastery |
| 18:02 | Create | Villager (Male) |
| 18:03 | Create | Villager (Male) |
| 18:03 | Create | Villager (Male) |
| 18:36 | Build | Farm |
| 18:39 | Create | Villager (Male) |
| 18:39 | Create | Villager (Male) |
| 18:46 | Build | Farm |
| 18:46 | Build | Farm |
| 18:51 | Create | Monk |
| 19:14 | Build | Farm |
| 19:23 | Create | Militia |
| 19:35 | Build | Farm |
| 19:37 | Build | Farm |
| 19:39 | Create | Villager (Male) |
| 19:39 | Create | Villager (Male) |
| 20:09 | Build | Krepost |
| 20:13 | Create | Militia |
| 20:19 | Build | Farm |
| 20:22 | Build | Farm |
| 20:45 | Create | Villager (Male) |
| 20:46 | Create | Villager (Male) |
| 21:13 | Create | Villager (Male) |
| 21:43 | Build | Krepost |
| 21:49 | Create | Militia |
| 21:50 | Create | Militia |
| 21:53 | Research | Forging |
| 22:19 | Create | Militia |
| 22:21 | Create | Militia |
| 22:45 | Build | Town Center |
| 22:47 | Create | Villager (Male) |
| 22:47 | Create | Villager (Male) |
| 23:43 | Build | House |
| 23:44 | Build | House |
| 23:47 | Create | Konnik |
| 23:47 | Create | Konnik |
| 23:47 | Create | Konnik |
| 24:32 | Build | Siege Workshop |
| 24:48 | Create | Villager (Male) |
| 24:49 | Create | Villager (Male) |
| 24:54 | Build | Lumber Camp |
| 24:56 | Research | Bow Saw |
| 25:06 | Create | Villager (Male) |
| 25:06 | Create | Villager (Male) |
| 25:06 | Create | Villager (Male) |
| 25:44 | Build | Stable |
| 25:46 | Create | Konnik |
| 25:47 | Create | Konnik |
| 26:03 | Research | Chain Mail Armor |
| 26:42 | Create | Mangonel |
| 27:00 | Research | Scale Barding Armor |
| 27:17 | Build | Mining Camp |
| 27:42 | Create | Mangonel |
| 27:53 | Create | Villager (Male) |
| 27:53 | Create | Villager (Male) |
| 27:53 | Create | Villager (Male) |
| 27:54 | Create | Villager (Male) |
| 27:54 | Create | Villager (Male) |
| 27:54 | Create | Villager (Male) |
| 28:25 | Create | Mangonel |
| 28:43 | Build | Farm |
| 29:29 | Create | Konnik |
| 29:29 | Create | Konnik |
| 31:55 | Create | Villager (Male) |
| 31:55 | Create | Villager (Male) |
| 31:56 | Create | Villager (Male) |
| 31:59 | Build | Farm |
| 32:07 | Research | Chain Barding Armor |
| 32:08 | Research | Iron Casting |
| 32:18 | Build | Stable |
| 32:23 | Build | Stable |
| 32:24 | Build | Stable |
| 32:29 | Build | Farm |
| 32:33 | Create | Villager (Male) |
| 32:33 | Create | Villager (Male) |
| 32:33 | Create | Villager (Male) |
| 32:33 | Create | Villager (Male) |
| 33:10 | Build | Castle |
| 33:19 | Research | Bloodlines |
| 33:20 | Research | Husbandry |
| 33:25 | Build | Farm |
| 33:26 | Build | Farm |
| 33:36 | Research | Gold Mining |
| 33:47 | Build | Town Center |
| 34:07 | Create | Villager (Male) |
| 34:09 | Research | Wheelbarrow |
| 34:19 | Build | Lumber Camp |
| 34:47 | Create | Konnik |
| 34:48 | Create | Konnik |
| 34:48 | Create | Konnik |
| 34:49 | Create | Konnik |
| 35:02 | Create | Konnik |
| 35:03 | Create | Konnik |
| 35:03 | Create | Konnik |
Build order — MildSaucer6243
First 150 of 558 actions detected
| 0:02 | Create | Villager (Male) |
| 0:02 | Create | Villager (Male) |
| 0:03 | Create | Villager (Male) |
| 0:03 | Create | Villager (Male) |
| 0:06 | Build | House |
| 0:07 | Build | House |
| 1:35 | Create | Villager (Male) |
| 1:50 | Build | Lumber Camp |
| 2:00 | Create | Villager (Male) |
| 2:00 | Create | Villager (Male) |
| 2:33 | Create | Villager (Male) |
| 3:05 | Create | Villager (Male) |
| 3:07 | Research | Loom |
| 3:41 | Create | Villager (Male) |
| 4:11 | Build | House |
| 4:29 | Create | Villager (Male) |
| 4:29 | Create | Villager (Male) |
| 4:29 | Create | Villager (Male) |
| 4:36 | Build | House |
| 4:40 | Build | Palisade Wall |
| 4:57 | Create | Villager (Male) |
| 4:57 | Create | Villager (Male) |
| 5:48 | Build | Mill |
| 6:02 | Build | Palisade Wall |
| 6:04 | Build | Palisade Wall |
| 6:13 | Build | House |
| 6:17 | Build | Palisade Wall |
| 6:30 | Build | Palisade Gate |
| 6:35 | Create | Villager (Male) |
| 6:36 | Create | Villager (Male) |
| 6:37 | Create | Villager (Male) |
| 7:33 | Create | Villager (Male) |
| 7:50 | Create | Villager (Male) |
| 7:53 | Build | Farm |
| 8:21 | Build | Farm |
| 8:46 | Build | Farm |
| 8:49 | Create | Villager (Male) |
| 9:06 | Build | Palisade Gate |
| 9:13 | Research | Feudal Age |
| 10:11 | Build | House |
| 10:56 | Build | Barracks |
| 11:22 | Build | Farm |
| 11:23 | Create | Villager (Male) |
| 11:24 | Age | Feudal Age |
| 11:25 | Research | Double-Bit Axe |
| 11:52 | Build | Archery Range |
| 12:05 | Build | Blacksmith |
| 12:11 | Create | Villager (Male) |
| 12:11 | Create | Villager (Male) |
| 12:11 | Create | Villager (Male) |
| 12:23 | Create | Spearman |
| 12:28 | Research | Horse Collar |
| 12:37 | Create | Archer |
| 12:39 | Create | Archer |
| 12:40 | Create | Archer |
| 13:06 | Create | Skirmisher |
| 13:27 | Create | Villager (Male) |
| 13:40 | Build | Mining Camp |
| 13:45 | Create | Villager (Male) |
| 14:00 | Create | Villager (Male) |
| 14:13 | Create | Spearman |
| 15:05 | Build | House |
| 15:07 | Build | House |
| 15:07 | Build | House |
| 15:09 | Build | House |
| 15:17 | Research | Town Watch |
| 15:19 | Research | Wheelbarrow |
| 15:24 | Create | Archer |
| 15:24 | Create | Archer |
| 15:24 | Create | Archer |
| 15:30 | Build | Palisade Wall |
| 15:58 | Research | Fletching |
| 16:05 | Create | Villager (Male) |
| 16:05 | Create | Villager (Male) |
| 16:06 | Create | Villager (Male) |
| 17:07 | Create | Villager (Male) |
| 17:08 | Create | Villager (Male) |
| 17:57 | Build | Farm |
| 17:59 | Build | Farm |
| 18:03 | Build | Market |
| 18:07 | Create | Villager (Male) |
| 18:13 | Build | House |
| 18:16 | Build | House |
| 18:21 | Build | Farm |
| 19:02 | Research | Padded Archer Armor |
| 19:18 | Build | Mining Camp |
| 19:25 | Build | Mill |
| 19:30 | Build | Farm |
| 19:31 | Build | Farm |
| 19:37 | Build | Farm |
| 19:48 | Research | Castle Age |
| 19:59 | Build | Farm |
| 20:12 | Build | Farm |
| 20:12 | Build | Farm |
| 20:22 | Build | Farm |
| 20:28 | Research | Gold Mining |
| 20:42 | Build | House |
| 20:57 | Build | House |
| 21:06 | Build | House |
| 21:19 | Create | Archer |
| 21:19 | Create | Archer |
| 21:20 | Create | Archer |
| 21:20 | Create | Archer |
| 21:23 | Create | Spearman |
| 22:28 | Age | Castle Age |
| 22:33 | Research | Crossbowman (upgrade) |
| 22:39 | Build | Archery Range |
| 23:48 | Build | House |
| 23:50 | Build | House |
| 23:58 | Build | Siege Workshop |
| 24:20 | Build | Stone Wall |
| 24:29 | Research | Bodkin Arrow |
| 24:32 | Create | Archer |
| 24:32 | Create | Archer |
| 24:32 | Create | Archer |
| 24:33 | Create | Archer |
| 24:39 | Build | Stone Wall |
| 24:54 | Create | Villager (Male) |
| 24:54 | Create | Villager (Male) |
| 24:54 | Create | Villager (Male) |
| 24:55 | Create | Villager (Male) |
| 24:56 | Create | Villager (Male) |
| 24:56 | Create | Villager (Male) |
| 24:56 | Create | Villager (Male) |
| 25:11 | Build | Castle |
| 25:35 | Research | Leather Archer Armor |
| 25:38 | Create | Archer |
| 25:39 | Create | Archer |
| 26:10 | Build | House |
| 26:12 | Build | House |
| 26:13 | Build | House |
| 26:39 | Create | Archer |
| 27:11 | Build | Mining Camp |
| 27:15 | Create | Villager (Male) |
| 27:15 | Create | Villager (Male) |
| 27:32 | Build | Town Center |
| 27:59 | Create | Archer |
| 27:59 | Create | Archer |
| 28:07 | Build | Stone Wall |
| 28:11 | Build | Stone Wall |
| 29:09 | Create | Mangonel |
| 29:20 | Create | Villager (Male) |
| 29:21 | Create | Villager (Male) |
| 29:21 | Create | Villager (Male) |
| 29:21 | Create | Villager (Male) |
| 29:21 | Create | Villager (Male) |
| 29:39 | Create | Villager (Male) |
| 29:40 | Create | Villager (Male) |
| 29:40 | Create | Villager (Male) |
| 29:40 | Create | Villager (Male) |
Build order — Pepn
First 150 of 522 actions detected
| 0:06 | Create | Villager (Male) |
| 0:07 | Create | Villager (Male) |
| 0:07 | Create | Villager (Male) |
| 0:14 | Build | House |
| 0:17 | Build | House |
| 0:48 | Create | Villager (Male) |
| 0:48 | Create | Villager (Male) |
| 1:47 | Create | Villager (Male) |
| 2:04 | Build | Lumber Camp |
| 2:06 | Create | Villager (Male) |
| 2:30 | Create | Villager (Male) |
| 2:30 | Create | Villager (Male) |
| 3:10 | Create | Villager (Male) |
| 3:10 | Create | Villager (Male) |
| 3:55 | Create | Villager (Male) |
| 3:55 | Create | Villager (Male) |
| 3:56 | Create | Villager (Male) |
| 4:15 | Build | House |
| 5:26 | Build | Mill |
| 5:38 | Create | Villager (Male) |
| 5:39 | Create | Villager (Male) |
| 5:39 | Create | Villager (Male) |
| 6:16 | Create | Villager (Male) |
| 6:17 | Create | Villager (Male) |
| 6:17 | Create | Villager (Male) |
| 6:17 | Create | Villager (Male) |
| 6:25 | Create | Villager (Male) |
| 7:06 | Build | House |
| 7:18 | Create | Villager (Male) |
| 7:24 | Research | Feudal Age |
| 7:24 | Research | Feudal Age |
| 7:26 | Research | Loom |
| 7:27 | Create | Villager (Male) |
| 8:27 | Create | Villager (Male) |
| 8:28 | Create | Villager (Male) |
| 9:34 | Age | Feudal Age |
| 9:48 | Create | Villager (Male) |
| 9:51 | Create | Villager (Male) |
| 9:55 | Build | House |
| 10:25 | Build | Town Center |
| 11:16 | Create | Villager (Male) |
| 11:17 | Create | Villager (Male) |
| 11:33 | Create | Villager (Male) |
| 11:33 | Create | Villager (Male) |
| 11:53 | Build | Mining Camp |
| 11:59 | Create | Villager (Male) |
| 12:00 | Create | Villager (Male) |
| 12:34 | Create | Villager (Male) |
| 12:34 | Create | Villager (Male) |
| 13:06 | Build | Farm |
| 13:38 | Research | Stone Mining |
| 14:00 | Build | Market |
| 14:12 | Create | Villager (Male) |
| 14:12 | Create | Villager (Male) |
| 14:33 | Build | House |
| 14:42 | Create | Villager (Male) |
| 14:43 | Create | Villager (Male) |
| 14:58 | Create | Villager (Male) |
| 14:59 | Create | Villager (Male) |
| 15:19 | Build | Blacksmith |
| 15:37 | Research | Double-Bit Axe |
| 15:41 | Create | Villager (Male) |
| 15:54 | Build | House |
| 16:47 | Build | Siege Workshop |
| 16:54 | Create | Villager (Male) |
| 16:54 | Create | Villager (Male) |
| 16:55 | Create | Villager (Male) |
| 16:55 | Create | Villager (Male) |
| 16:56 | Create | Villager (Male) |
| 16:59 | Build | Farm |
| 17:20 | Build | Palisade Wall |
| 17:26 | Create | Villager (Male) |
| 17:40 | Create | Battering Ram |
| 17:40 | Create | Battering Ram |
| 18:15 | Research | Gold Mining |
| 18:33 | Build | House |
| 18:35 | Build | House |
| 18:37 | Build | House |
| 18:41 | Create | Villager (Male) |
| 18:41 | Create | Villager (Male) |
| 18:45 | Create | Battering Ram |
| 19:30 | Build | Barracks |
| 21:00 | Research | Castle Age |
| 21:59 | Build | Watch Tower |
| 22:08 | Create | Villager (Male) |
| 22:08 | Create | Villager (Male) |
| 22:25 | Build | Farm |
| 22:25 | Build | Farm |
| 22:25 | Build | Farm |
| 22:26 | Build | Farm |
| 22:26 | Build | Farm |
| 22:27 | Build | Farm |
| 22:29 | Build | Farm |
| 23:02 | Build | Mining Camp |
| 23:09 | Create | Villager (Male) |
| 23:09 | Create | Villager (Male) |
| 23:10 | Create | Villager (Male) |
| 23:40 | Age | Castle Age |
| 24:07 | Build | Castle |
| 24:26 | Build | House |
| 24:42 | Create | Villager (Male) |
| 24:43 | Create | Villager (Male) |
| 24:56 | Create | Villager (Male) |
| 24:56 | Create | Villager (Male) |
| 24:58 | Create | Villager (Male) |
| 24:58 | Create | Villager (Male) |
| 25:07 | Create | Villager (Male) |
| 25:11 | Build | Farm |
| 25:15 | Build | Farm |
| 25:28 | Create | Kipchak |
| 25:29 | Create | Kipchak |
| 25:30 | Create | Kipchak |
| 25:30 | Create | Kipchak |
| 25:34 | Create | Kipchak |
| 25:47 | Create | Mangonel |
| 25:47 | Create | Mangonel |
| 25:59 | Create | Villager (Male) |
| 25:59 | Create | Villager (Male) |
| 26:00 | Create | Villager (Male) |
| 26:24 | Create | Kipchak |
| 26:27 | Research | Fletching |
| 26:27 | Research | Fletching |
| 26:36 | Create | Kipchak |
| 26:37 | Create | Kipchak |
| 26:37 | Create | Kipchak |
| 27:18 | Create | Kipchak |
| 27:18 | Create | Kipchak |
| 27:41 | Build | Mining Camp |
| 27:43 | Create | Villager (Male) |
| 27:44 | Create | Villager (Male) |
| 27:44 | Create | Villager (Male) |
| 27:44 | Create | Villager (Male) |
| 27:45 | Create | Villager (Male) |
| 27:45 | Create | Villager (Male) |
| 28:07 | Research | Padded Archer Armor |
| 28:41 | Create | Mangonel |
| 29:19 | Build | Mining Camp |
| 29:23 | Research | Town Watch |
| 29:27 | Research | Wheelbarrow |
| 29:28 | Create | Villager (Male) |
| 29:29 | Create | Villager (Male) |
| 29:38 | Create | Kipchak |
| 29:38 | Create | Kipchak |
| 30:13 | Research | Bodkin Arrow |
| 30:55 | Create | Kipchak |
| 30:55 | Create | Kipchak |
| 30:55 | Create | Kipchak |
| 30:56 | Create | Kipchak |
| 31:10 | Create | Villager (Male) |
| 31:10 | Create | Villager (Male) |
Build order — Moises199124
First 150 of 758 actions detected
| 0:56 | Build | House |
| 1:03 | Create | Villager (Male) |
| 1:04 | Research | Loom |
| 1:04 | Create | Villager (Male) |
| 1:05 | Create | Villager (Male) |
| 1:05 | Create | Villager (Male) |
| 1:05 | Create | Villager (Male) |
| 2:14 | Build | House |
| 2:16 | Build | House |
| 2:22 | Build | Palisade Wall |
| 2:27 | Create | Villager (Male) |
| 2:28 | Create | Villager (Male) |
| 2:58 | Create | Villager (Male) |
| 2:58 | Create | Villager (Male) |
| 3:34 | Build | House |
| 3:39 | Create | Villager (Male) |
| 3:39 | Create | Villager (Male) |
| 3:39 | Create | Villager (Male) |
| 3:52 | Create | Villager (Male) |
| 3:53 | Create | Villager (Male) |
| 4:34 | Create | Villager (Male) |
| 4:34 | Create | Villager (Male) |
| 4:43 | Build | House |
| 4:50 | Build | Palisade Wall |
| 4:54 | Build | Palisade Gate |
| 5:22 | Create | Villager (Male) |
| 5:22 | Create | Villager (Male) |
| 5:22 | Create | Villager (Male) |
| 6:04 | Create | Villager (Male) |
| 6:05 | Create | Villager (Male) |
| 6:05 | Create | Villager (Male) |
| 6:45 | Create | Villager (Male) |
| 6:45 | Create | Villager (Male) |
| 7:10 | Build | Barracks |
| 7:36 | Create | Villager (Male) |
| 7:37 | Create | Villager (Male) |
| 7:37 | Create | Villager (Male) |
| 7:37 | Create | Villager (Male) |
| 7:37 | Create | Villager (Male) |
| 8:21 | Build | Mill |
| 8:49 | Create | Villager (Male) |
| 8:49 | Create | Villager (Male) |
| 9:15 | Build | Lumber Camp |
| 10:05 | Build | Mining Camp |
| 10:11 | Create | Villager (Male) |
| 10:49 | Research | Feudal Age |
| 10:58 | Create | Militia |
| 10:58 | Create | Militia |
| 11:17 | Create | Militia |
| 12:59 | Age | Feudal Age |
| 13:00 | Create | Spearman |
| 13:01 | Create | Spearman |
| 13:01 | Create | Spearman |
| 13:01 | Create | Spearman |
| 13:01 | Create | Spearman |
| 13:01 | Create | Spearman |
| 13:09 | Build | Archery Range |
| 13:30 | Create | Villager (Male) |
| 13:30 | Create | Villager (Male) |
| 14:03 | Build | House |
| 14:08 | Create | Skirmisher |
| 14:08 | Create | Skirmisher |
| 14:08 | Create | Skirmisher |
| 14:08 | Create | Skirmisher |
| 14:09 | Create | Skirmisher |
| 14:13 | Build | House |
| 14:14 | Build | House |
| 14:22 | Build | House |
| 14:24 | Build | House |
| 14:31 | Research | Horse Collar |
| 14:34 | Research | Double-Bit Axe |
| 14:45 | Build | House |
| 14:47 | Build | House |
| 15:26 | Build | House |
| 15:37 | Create | Villager (Male) |
| 15:37 | Create | Villager (Male) |
| 15:37 | Create | Villager (Male) |
| 15:38 | Create | Villager (Male) |
| 16:09 | Build | Blacksmith |
| 16:17 | Build | Market |
| 16:36 | Build | Farm |
| 17:08 | Build | Mining Camp |
| 17:19 | Build | Farm |
| 17:25 | Build | Farm |
| 17:32 | Create | Villager (Male) |
| 17:32 | Create | Villager (Male) |
| 18:04 | Build | Farm |
| 18:36 | Build | Farm |
| 19:16 | Research | Man-at-Arms (upgrade) |
| 20:20 | Build | Farm |
| 20:22 | Build | Farm |
| 20:24 | Build | Farm |
| 20:27 | Build | Farm |
| 20:35 | Research | Castle Age |
| 20:54 | Create | Militia |
| 20:54 | Create | Militia |
| 20:55 | Create | Militia |
| 21:13 | Create | Skirmisher |
| 21:13 | Create | Skirmisher |
| 21:14 | Create | Skirmisher |
| 21:31 | Research | Scale Mail Armor |
| 22:11 | Build | Farm |
| 22:13 | Build | Farm |
| 22:14 | Build | Farm |
| 22:15 | Build | Farm |
| 22:16 | Build | Farm |
| 22:17 | Build | Farm |
| 22:28 | Build | House |
| 22:30 | Build | House |
| 22:38 | Create | Skirmisher |
| 22:38 | Create | Skirmisher |
| 22:38 | Create | Skirmisher |
| 22:39 | Create | Skirmisher |
| 22:39 | Create | Skirmisher |
| 22:41 | Create | Militia |
| 22:41 | Create | Militia |
| 22:42 | Create | Militia |
| 23:01 | Create | Villager (Male) |
| 23:02 | Create | Villager (Male) |
| 23:15 | Age | Castle Age |
| 23:27 | Build | University |
| 23:30 | Research | Elite Skirmisher (upgrade) |
| 23:44 | Build | Town Center |
| 24:03 | Build | Farm |
| 24:11 | Research | Pikeman (upgrade) |
| 24:42 | Create | Villager (Male) |
| 24:42 | Create | Villager (Male) |
| 24:42 | Create | Villager (Male) |
| 24:43 | Create | Villager (Male) |
| 24:56 | Build | Stable |
| 25:03 | Create | Villager (Male) |
| 25:03 | Create | Villager (Male) |
| 25:03 | Create | Villager (Male) |
| 25:03 | Create | Villager (Male) |
| 25:28 | Research | Long Swordsman (upgrade) |
| 25:28 | Create | Militia |
| 25:46 | Create | Villager (Male) |
| 25:46 | Create | Villager (Male) |
| 25:46 | Create | Villager (Male) |
| 25:46 | Create | Villager (Male) |
| 26:05 | Build | House |
| 26:06 | Build | House |
| 26:09 | Build | House |
| 26:17 | Build | House |
| 26:19 | Build | House |
| 26:20 | Build | House |
| 27:36 | Build | Castle |
| 27:40 | Create | Villager (Male) |
| 27:40 | Create | Villager (Male) |
| 27:40 | Create | Villager (Male) |
Match timeline
| 2:22 | Moises199124 · wall_segment Palisade Wall x1 |
| 4:40 | MildSaucer6243 · wall_segment Palisade Wall x10 |
| 4:50 | Moises199124 · wall_segment Palisade Wall x12 |
| 6:02 | MildSaucer6243 · wall_segment Palisade Wall x7 |
| 6:04 | MildSaucer6243 · wall_segment Palisade Wall x7 |
| 6:17 | MildSaucer6243 · wall_segment Palisade Wall x1 |
| 7:10 | Moises199124 · first_building Barracks |
| 9:34 | Pepn · age_up feudal |
| 10:06 | Gabzzel · wall_segment Palisade Wall x7 |
| 10:56 | MildSaucer6243 · first_building Barracks |
| 11:24 | MildSaucer6243 · age_up feudal |
| 11:26 | Gabzzel · age_up feudal |
| 11:52 | MildSaucer6243 · first_building Archery Range |
| 12:59 | Moises199124 · age_up feudal |
| 13:09 | Moises199124 · first_building Archery Range |
| 14:53 | Pepn · first_market_sell 100 stone |
| 14:55 | Pepn · first_market_buy 100 food |
| 15:30 | MildSaucer6243 · wall_segment Palisade Wall x1 |
| 16:09 | Gabzzel · age_up castle |
| 16:23 | Gabzzel · first_building Barracks |
| 16:47 | Pepn · first_building Siege Workshop |
| 17:20 | Pepn · wall_segment Palisade Wall x6 |
| 17:43 | Gabzzel · first_building Monastery |
| 19:30 | Pepn · first_building Barracks |
| 19:46 | MildSaucer6243 · first_market_buy 100 food |
| 20:09 | Gabzzel · first_building Krepost |
| 20:32 | Moises199124 · first_market_buy 100 food |
| 22:28 | MildSaucer6243 · age_up castle |
| 23:15 | Moises199124 · age_up castle |
| 23:40 | Pepn · age_up castle |
| 23:58 | MildSaucer6243 · first_building Siege Workshop |
| 24:07 | Pepn · first_building Castle |
| 24:20 | MildSaucer6243 · wall_segment Stone Wall x5 |
| 24:32 | Gabzzel · first_building Siege Workshop |
| 24:39 | MildSaucer6243 · wall_segment Stone Wall x6 |
| 24:56 | Moises199124 · first_building Stable |
| 25:11 | MildSaucer6243 · first_building Castle |
| 25:44 | Gabzzel · first_building Stable |
| 26:51 | MildSaucer6243 · first_market_sell 100 food |
| 27:36 | Moises199124 · first_building Castle |
| 28:07 | MildSaucer6243 · wall_segment Stone Wall x4 |
| 28:11 | MildSaucer6243 · wall_segment Stone Wall x1 |
| 28:17 | Moises199124 · wall_segment Stone Wall x5 |
| 30:00 | Moises199124 · first_building Siege Workshop |
| 31:13 | Moises199124 · first_market_sell 100 food |
| 32:47 | MildSaucer6243 · wall_segment Stone Wall x15 |
| 33:10 | Gabzzel · first_building Castle |
| 34:50 | Moises199124 · first_building Monastery |
| 34:58 | Gabzzel · first_market_buy 100 food |
| 35:27 | Pepn · first_building Monastery |
| 36:25 | Gabzzel · wall_segment Stone Wall x14 |
| 37:50 | MildSaucer6243 · first_building Stable |
| 38:05 | Gabzzel · wall_segment Stone Wall x8 |
| 38:20 | Gabzzel · wall_segment Stone Wall x8 |
| 38:21 | Pepn · first_building Stable |
| 40:01 | Pepn · age_up imperial |
| 40:44 | Moises199124 · age_up imperial |
| 40:46 | Gabzzel · wall_segment Stone Wall x7 |
| 40:50 | MildSaucer6243 · age_up imperial |
| 42:27 | Gabzzel · wall_segment Stone Wall x5 |
| 43:12 | Gabzzel · age_up imperial |
| 44:16 | Gabzzel · wall_segment Stone Wall x5 |
| 44:37 | Gabzzel · wall_segment Stone Wall x3 |
| 48:02 | MildSaucer6243 · first_building Monastery |
| 49:29 | Moises199124 · wall_segment Stone Wall x21 |
| 59:31 | MildSaucer6243 · wall_segment Stone Wall x1 |
| 66:58 | MildSaucer6243 · wall_segment Stone Wall x19 |
| 68:13 | Gabzzel · first_market_sell 100 food |
| 68:49 | MildSaucer6243 · wall_segment Stone Wall x9 |
| 71:12 | Pepn · resign |
[ AI ANALYSIS · 1 CREDIT ]
What really happened in this match?
Wolo.gg analyzes every decision: build order, eco, micro, common mistakes by bracket. Personalized analysis on WhatsApp or Discord in 30 seconds.
Civ guide
Bulgarians
Map guide
Oasis
Perfil
Jugador #1755192